AoeStats
← 小白

Nomad

509838019Analyzed
4v4 RM · 4d ago on Sep 28, 2026· 40m 21s· 8 players
Game mode
Random Map
Map size
231×231
Population
200
Speed
Normal
Resources
Standard
Victory
Conquest
Starting age
Dark Age
Ending age
Imperial Age
RankedLock teamsTeams togetherTeam positionsShared explorationLock speedFull tech treeHidden civsTurbo modeCheats
Victory
Defeat
🇹🇼 Tupi · Taiwan
1947
+7
🇹🇼 Varangians · Taiwan
1907
+8
🇹🇼 Varangians · Taiwan
1867
+10
🇹🇼 Saxons · Taiwan
1866
+9
🇨🇳 Mongols · China
1817
-11
🇻🇳 Maya · Vietnam
1721
-9
🇨🇳 Spanish · China
1676
-7
🇹🇷 Varangians · Türkiye
1663
-7
[LuB]夢夢
10:28 Loom
14:06 Feudal Age
17:47 Castle Age
16:26 Double-Bit Axe
16:24 Fishing Lines
18:28 Fletching
18:54 Bow Saw
18:51 Padded Archer Armor
20:31 Bodkin Arrow
24:05 Wheelbarrow
23:56 Padded Archer Armor
24:40 Ballistics
25:22 Leather Archer Armor
30:17 Hand Cart
34:56 Imperial Age
33:15 Town Watch
33:48 Leather Archer Armor
33:26 Treadmill Crane
36:06 Murder Holes
36:16 Bracer
37:18 Chemistry
37:20 Horse Collar
40:08 Conscription
小白
14:27 Feudal Age
15:10 Double-Bit Axe
18:15 Castle Age
15:58 Fishing Lines
16:27 Gold Mining
19:13 Bow Saw
19:22 Medium Warships
19:05 Gillnets
22:07 Wheelbarrow
21:17 Loom
22:47 Stone Mining
24:54 Hand Cart
32:00 Imperial Age
30:10 Scale Barding Armor
31:03 Stone Shaft Mining
30:15 Treadmill Crane
31:55 Chain Barding Armor
33:49 Plate Barding Armor
33:25 Bloodlines
33:16 Husbandry
33:37 Conscription
33:12 Elite Jarl
34:03 Guilds
34:04 Forging
35:09 Two-Man Saw
35:38 Siege Engineers
36:10 Iron Casting
35:30 Vendel Legacy
36:59 Squires
37:42 Coinage
39:00 Banking
38:31 Caravan
40:35 Blast Furnace
40:01 Masonry
41:03 Clinker Construction
GKT_Cloud
10:41 Loom
13:32 Feudal Age
14:08 Town Watch
17:48 Castle Age
16:03 Forging
16:20 Double-Bit Axe
16:21 Fishing Lines
19:28 Bow Saw
20:10 Wheelbarrow
19:53 Scale Barding Armor
21:53 Horse Collar
27:27 Stone Mining
37:32 Imperial Age
36:09 Hand Cart
36:55 Chain Barding Armor
36:37 Husbandry
36:48 Bloodlines
36:50 Gold Mining
36:25 Vendel Legacy
38:09 Iron Casting
38:40 Conscription
38:57 Plate Barding Armor
37:43 Cavalier
[LuB]a61
10:15 Loom
13:15 Feudal Age
13:56 Double-Bit Axe
19:32 Castle Age
18:00 Fletching
20:14 Bodkin Arrow
19:40 Crossbowman
21:13 Medium Warships
27:13 Bow Saw
26:50 Horse Collar
29:12 Ballistics
30:05 Fortified Wall
29:46 Guard Tower
31:03 Wheelbarrow
30:33 Gold Mining
37:10 Imperial Age
37:12 Arbalester
38:50 Bracer
Bz_青红
12:46 Feudal Age
16:55 Castle Age
15:49 Double-Bit Axe
15:47 Horse Collar
17:23 Loom
17:24 Town Watch
17:52 Bow Saw
18:18 Heavy Plow
22:18 Padded Archer Armor
23:43 Leather Archer Armor
30:22 Wheelbarrow
31:22 Hand Cart
36:27 Imperial Age
35:14 Scale Barding Armor
35:21 Forging
35:42 Bloodlines
36:57 Chain Barding Armor
37:13 Iron Casting
36:31 Cavalier
37:38 Conscription
38:20 Plate Barding Armor
38:58 Blast Furnace
38:28 Husbandry
37:50 Paladin
爱人跟人走
4:45 Loom
12:18 Feudal Age
15:54 Castle Age
15:49 Fishing Lines
16:02 Fletching
17:02 Double-Bit Axe
17:03 Town Watch
17:11 Gillnets
17:38 Bodkin Arrow
18:06 Bow Saw
19:45 Horse Collar
22:14 Padded Archer Armor
24:01 Ballistics
31:52 Wheelbarrow
35:07 Imperial Age
35:23 Capped Ram
36:09 Bracer
37:00 Capped Ram
38:03 Drill
39:41 Drill
Sekov
3:17 Loom
13:15 Feudal Age
14:24 Double-Bit Axe
17:35 Castle Age
15:43 Stone Mining
16:07 Town Watch
16:14 Fletching
18:27 Bow Saw
19:18 Fletching
21:30 Horse Collar
22:22 Bodkin Arrow
26:05 Scale Barding Armor
26:26 Bloodlines
26:17 Husbandry
Ngoam_____
4:21 Loom
14:47 Feudal Age
18:46 Castle Age
19:03 Town Watch
19:38 Medium Warships
35:17 Double-Bit Axe
35:15 Horse Collar
37:16 Bow Saw
37:07 Heavy Plow
38:08 Wheelbarrow
41:17 Imperial Age
39:00 Fletching
39:29 Hand Cart
39:40 Padded Archer Armor
39:34 Stone Mining
39:35 Gold Mining
40:27 Bodkin Arrow
Connection lost

Rejoining the realm…

Still unreachable

The connection could not be restored.

Session expired

The server has moved on; the page needs a fresh start.